Kings vs MapleLeafs

Created - 6 mars 2021 at 20:56

Goals
1 2 3 T
Kings 1 0 0 1
MapleLeafs 1 1 1 3
Shots
1 2 3 T
Kings 7 16 23 46
MapleLeafs 7 7 4 18

1st period

1. MapleLeafs , Taylor Hall 9 (Michael Del Zotto 25, Chris Tanev 15) at 1:14
2. Kings , Jesper Fast 21 (Mikael Backlund 33, Stephen Johns 8) at 7:10 (PP)

Penalties :
Joel Edmundson (TOR) for Holding (Minor) at 6:32, Michael Del Zotto (TOR) for Slashing (Minor) at 8:58, Corey Perry (LOS) for Tripping (Minor) at 11:48, Chris Tanev (TOR) for Holding (Minor) at 16:52

2nd period

3. MapleLeafs , Dustin Brown 18 (Nikita Kucherov 39, Michael Del Zotto 26) at 11:11

Penalties :
Cody Ceci (TOR) for Tripping (Minor) at 0:23, Rickard Rakell (LOS) for Hooking (Minor) at 4:35

3rd period

4. MapleLeafs , Nikita Kucherov 30 (Anton Stralman 19, Joel Edmundson 17) at 19:43 (Empty Net)

Penalties :
Joel Edmundson (TOR) for Tripping (Minor) at 3:36, Cody Ceci (TOR) for Tripping (Minor) at 7:32, Ondrej Palat (TOR) for Hooking (Minor) at 10:51

Goalie Stats

David Rittich (LOS), 15 saves from 17 shots - (0,882), L, 19-11-4, 59:18 minutes
Braden Holtby (TOR), 45 saves from 46 shots - (0,978), W, 22-22-8, 60:00 minutes

Players Stats for Kings

Player Name              G  A  P  +/- PIM S  H  SB GA TA FO     MP     PP MP  PK MP  
------------------------------------------------------------------------------------
Andre Burakovsky         0  0  0   0  0   4  1  0  0  0  0/3    19:03   7:13   0:26 
Anthony Bitetto          0  0  0  -1  0   0  0  2  0  0  0/0    14:37   1:20   0:00 
Conor Sheary             0  0  0   0  0   0  0  0  0  0  0/0     0:49   0:49   0:00 
Corey Perry              0  0  0  -1  2   4  0  0  0  0  0/0    13:26   0:00   0:00 
Jesper Fast              1  0  1   0  0   4  3  0  0  0  0/1    18:37   7:13   0:00 
John Moore               0  0  0  -1  0   3  1  0  0  0  0/0    20:46   6:53   1:46 
Jonathan Toews           0  0  0  -2  0   6  2  1  0  0  17/39  25:30   4:33   2:18 
Jordan Eberle            0  0  0  -1  0   3  2  0  0  0  0/2    21:23   4:52   1:14 
Lucas Wallmark           0  0  0  -1  0   0  0  0  0  0  2/4     3:26   0:00   0:04 
Marc-Edouard Vlasic      0  0  0  -1  0   3  0  1  0  0  0/0    24:37   4:19   2:12 
Marco Scandella          0  0  0  -1  0   1  4  1  0  0  0/0    24:29   4:11   2:12 
Mikael Backlund          0  1  1   0  0   6  0  0  0  0  19/29  20:55   7:13   2:18 
Nick Paul                0  0  0  -1  0   2  2  0  0  0  6/14   13:54   0:27   0:00 
Nicolas Hague            0  0  0  -1  0   1  1  0  0  0  0/0    14:45   1:28   0:00 
Rickard Rakell           0  0  0  -1  2   4  3  0  0  0  0/0    20:33   4:52   0:25 
Stephen Johns            0  1  1  -1  0   0  5  2  0  0  0/0    20:46   6:53   1:46 
Tyler Motte              0  0  0  -1  0   2  1  0  0  0  0/0     3:46   0:24   0:00 
Zemgus Girgensons        0  0  0  -1  0   3  0  0  0  0  0/0    14:38   0:00   1:11 

Players Stats for MapleLeafs

Player Name              G  A  P  +/- PIM S  H  SB GA TA FO     MP     PP MP  PK MP  
------------------------------------------------------------------------------------
Anton Stralman           0  1  1   1  0   0  0  2  0  0  0/0    22:53   0:52   6:56 
Chris Tanev              0  1  1   2  2   1  0  1  0  0  0/0    18:34   0:08   6:15 
Cody Ceci                0  0  0   0  4   2  0  3  0  0  0/0    21:18   0:53   4:14 
Dustin Brown             1  0  1   1  0   1  1  0  0  0  1/1    15:30   0:00   0:00 
James Neal               0  0  0   1  0   0  1  0  0  0  0/0    12:14   1:50   0:00 
Jason Zucker             0  0  0   0  0   1  1  1  0  0  1/1    17:22   2:08   1:25 
Jay Beagle               0  0  0   2  0   0  4  3  0  0  24/36  17:07   0:08   6:03 
Jesper Bratt             0  0  0   0  0   0  0  0  0  0  0/0     3:20   0:00   0:18 
Joel Armia               0  0  0   1  0   3  0  0  0  0  0/1    11:42   1:50   6:05 
Joel Edmundson           0  1  1   1  4   0  1  2  0  0  0/0    18:46   2:13   1:30 
Matt Duchene             0  0  0   0  0   1  0  0  0  0  7/14   14:02   0:00   0:00 
Michael Del Zotto        0  2  2   2  2   0  5  1  0  0  0/0    13:48   1:37   0:00 
Mike Matheson            0  0  0   0  0   0  0  0  0  0  0/0    24:35   2:13   6:09 
Nikita Kucherov          1  1  2   2  0   2  0  0  0  0  0/0    18:10   2:08   0:00 
Ondrej Palat             0  0  0   0  2   1  0  0  0  0  2/3    18:45   0:00   4:44 
Pierre-Luc Dubois        0  0  0   1  0   2  0  0  0  0  9/23   17:12   1:42   0:00 
Taylor Hall              1  0  1   1  0   4  0  0  0  0  0/0    10:24   0:00   0:00 
Tyler Johnson            0  0  0   0  0   0  1  0  0  0  4/13   11:39   2:08   6:29 

3 Stars

1 - Braden Holtby (TOR)
2 - Nikita Kucherov (TOR)
3 - Michael Del Zotto (TOR)

Power Play

Kings - 1 on 7 Attempt(s) - 14,29%
MapleLeafs - 0 on 2 Attempt(s) - 0,00%

Penalty Kill

Kings - 2 on 2 Attempt(s) - 100,00% - Score 0 goal in Penalty Kill
MapleLeafs - 6 on 7 Attempt(s) - 85,71% - Score 0 goal in Penalty Kill

Team Stat

Kings - Hits : 25 - Faceoff Wins : 44 - Blocked Shots : 7 - Penalty Minutes : 4
MapleLeafs - Hits : 14 - Faceoff Wins : 48 - Blocked Shots : 13 - Penalty Minutes : 14

Official

Referees : Chris Rooney and Terry Koharski
Linesman : Trent Knorr and Kyle Flemington

Game Notes

Nikita Kucherov has scored in a empty net!

Finance

Level 1 -- Attendance: 5521 (84,94%) -- Ticket Income 690 125 $
Level 2 -- Attendance: 5000 (100,00%) -- Ticket Income 405 000 $
Level 3 -- Attendance: 2960 (84,57%) -- Ticket Income 207 200 $
Level 4 -- Attendance: 1849 (65,59%) -- Ticket Income 116 487 $
Luxury Box -- Attendance: 1000 (100,00%) -- Ticket Income 241 000 $
Game was played at the Air Canada Center.
Total Attendance: 16330 (86,77%)
Total Ticket Income: 1 659 812 $
Other Income: 813 308 $
Total Income: 2 473 120 $

% Time on Ice - Kings

Lines # - Real PCT - Wanted PCT - Time Play
Normal Forward
1 - 34% - 40% - 14:45
2 - 27% - 30% - 11:24
3 - 31% - 20% - 13:27
4 - 8% - 10% - 3:22
Normal Defense
1 - 39% - 40% - 16:50
2 - 28% - 30% - 12:07
3 - 31% - 20% - 13:17
4 - 2% - 10% - 0:44
PP Forward
1 - 41% - 60% - 5:11
2 - 59% - 40% - 7:21
PP Defense
1 - 39% - 60% - 4:53
2 - 61% - 40% - 7:39
PK Forward
1 - 69% - 60% - 2:44
2 - 31% - 40% - 1:14
PK Defense
1 - 55% - 60% - 2:12
2 - 45% - 40% - 1:46
PK3 Forward
1 - 0% - 60%
2 - 0% - 40%
PK3 Defense
1 - 0% - 60%
2 - 0% - 40%
44 Forward
1 - 0% - 60%
2 - 0% - 40%
44 Defense
1 - 0% - 60%
2 - 0% - 40%
Last Minute Offensive  - 0:32
Last Minute Defensive  - 0:00
Total
Forward - 60:00
Defense - 60:00

% Time on Ice - MapleLeafs

Lines # - Real PCT - Wanted PCT - Time Play
Normal Forward
1 - 36% - 34% - 15:30
2 - 33% - 31% - 14:02
3 - 24% - 25% - 10:24
4 - 7% - 10% - 3:02
Normal Defense
1 - 38% - 41% - 16:13
2 - 34% - 35% - 14:33
3 - 28% - 24% - 12:12
4 - 0% - 0% - 0:00
PP Forward
1 - 54% - 52% - 2:08
2 - 46% - 48% - 1:50
PP Defense
1 - 56% - 53% - 2:13
2 - 44% - 47% - 1:45
PK Forward
1 - 51% - 52% - 6:27
2 - 49% - 48% - 6:05
PK Defense
1 - 55% - 60% - 6:56
2 - 45% - 40% - 5:36
PK3 Forward
1 - 0% - 52%
2 - 0% - 48%
PK3 Defense
1 - 0% - 60%
2 - 0% - 40%
44 Forward
1 - 0% - 54%
2 - 0% - 46%
44 Defense
1 - 0% - 50%
2 - 0% - 50%
Last Minute Offensive  - 0:00
Last Minute Defensive  - 0:32
Total
Forward - 60:00
Defense - 60:00

Play-by-Play

1st period


0:01 of 1st period - Pierre-Luc Dubois wins face-off versus Jonathan Toews in neutral zone.
0:09 of 1st period - Shot by Jordan Eberle.
0:09 of 1st period - Shot Misses the Net.
0:11 of 1st period - Shot by Rickard Rakell.
0:11 of 1st period - Shot Blocked by Cody Ceci.
0:13 of 1st period - Shot by Rickard Rakell.
0:13 of 1st period - Stopped by Braden Holtby without a rebound.
0:14 of 1st period - Ondrej Palat wins face-off versus Andre Burakovsky in MapleLeafs zone.
0:14 of 1st period - Matt Duchene is hit by Andre Burakovsky and loses puck.
0:27 of 1st period - Shot by Ondrej Palat.
0:27 of 1st period - Shot Misses the Net.
0:44 of 1st period - Shot by Matt Duchene.
0:44 of 1st period - Shot Misses the Net.
0:50 of 1st period - Shot by Mikael Backlund.
0:50 of 1st period - Stopped by Braden Holtby without a rebound.
0:51 of 1st period - Jay Beagle wins face-off versus Nick Paul in MapleLeafs zone.
1:10 of 1st period - Shot by Taylor Hall.
1:10 of 1st period - Shot Blocked by Anthony Bitetto.
1:14 of 1st period - Shot by Taylor Hall.
1:14 of 1st period - Goal by Taylor Hall - Kings : 0 - MapleLeafs : 1.
1:15 of 1st period - Jonathan Toews wins face-off versus Pierre-Luc Dubois in neutral zone.
1:18 of 1st period - Shot by Jonathan Toews.
1:18 of 1st period - Stopped by Braden Holtby without a rebound.
1:19 of 1st period - Dustin Brown wins face-off versus Jonathan Toews in MapleLeafs zone.
1:33 of 1st period - Shot by Dustin Brown.
1:33 of 1st period - Shot Misses the Net.
1:35 of 1st period - Shot by Cody Ceci.
1:35 of 1st period - Stopped by David Rittich without a rebound.
1:36 of 1st period - Nick Paul wins face-off versus Tyler Johnson in Kings zone.
1:43 of 1st period - Shot by Corey Perry.
1:43 of 1st period - Stopped by Braden Holtby without a rebound.
1:44 of 1st period - Jay Beagle wins face-off versus Lucas Wallmark in MapleLeafs zone.
2:17 of 1st period - Shot by James Neal.
2:17 of 1st period - Shot Misses the Net.
2:32 of 1st period - Taylor Hall is hit by John Moore.
2:54 of 1st period - Shot by Dustin Brown.
2:54 of 1st period - Deflect By Nikita Kucherov.
2:54 of 1st period - Stopped by David Rittich without a rebound.
2:55 of 1st period - Matt Duchene wins face-off versus Nick Paul in Kings zone.
3:06 of 1st period - Shot by Matt Duchene.
3:06 of 1st period - Shot Misses the Net.
3:26 of 1st period - Shot by Matt Duchene.
3:26 of 1st period - Shot Misses the Net.
3:58 of 1st period - Shot by Pierre-Luc Dubois.
3:58 of 1st period - Shot Blocked by Marc-Edouard Vlasic.
4:00 of 1st period - Shot by Dustin Brown.
4:00 of 1st period - Shot Misses the Net.
4:02 of 1st period - Shot by Dustin Brown.
4:02 of 1st period - Shot Misses the Net.
4:04 of 1st period - Shot by Joel Edmundson.
4:04 of 1st period - Shot Misses the Net.
4:17 of 1st period - Shot by Pierre-Luc Dubois.
4:17 of 1st period - Stopped by David Rittich without a rebound.
4:18 of 1st period - Mikael Backlund wins face-off versus Tyler Johnson in Kings zone.
5:41 of 1st period - Shot by Pierre-Luc Dubois.
5:41 of 1st period - Shot Blocked by Anthony Bitetto.
5:52 of 1st period - Icing by Joel Edmundson.
5:53 of 1st period - Pierre-Luc Dubois wins face-off versus Jonathan Toews in MapleLeafs zone.
6:21 of 1st period - Shot by Rickard Rakell.
6:21 of 1st period - Shot Misses the Net.
6:32 of 1st period - Minor Penalty to Joel Edmundson for Holding.
6:33 of 1st period - Jay Beagle wins face-off versus Mikael Backlund in MapleLeafs zone.
6:39 of 1st period - Jay Beagle is hit by Jesper Fast and loses puck.
7:10 of 1st period - Shot by Jesper Fast.
7:10 of 1st period - Goal by Jesper Fast - Kings : 1 - MapleLeafs : 1.
7:11 of 1st period - Nick Paul wins face-off versus Matt Duchene in neutral zone.
7:22 of 1st period - Shot by Zemgus Girgensons.
7:22 of 1st period - Shot Misses the Net.
8:35 of 1st period - Icing by Marc-Edouard Vlasic.
8:36 of 1st period - Jonathan Toews wins face-off versus Jay Beagle in Kings zone.
8:36 of 1st period - Jonathan Toews is hit by Jay Beagle.
8:56 of 1st period - Mikael Backlund is hit by Michael Del Zotto and loses puck.
8:58 of 1st period - Minor Penalty to Michael Del Zotto for Slashing.
8:59 of 1st period - Mikael Backlund wins face-off versus Joel Armia in MapleLeafs zone.
9:17 of 1st period - Off-side.
9:18 of 1st period - Jay Beagle wins face-off versus Mikael Backlund in neutral zone.
9:24 of 1st period - Icing by Jesper Fast.
9:25 of 1st period - Mikael Backlund wins face-off versus Tyler Johnson in Kings zone.
9:25 of 1st period - Jesper Fast is hit by Tyler Johnson.
9:42 of 1st period - Off-side.
9:43 of 1st period - Tyler Johnson wins face-off versus Jonathan Toews in neutral zone.
9:43 of 1st period - Mike Matheson is hit by Jordan Eberle and loses puck.
11:32 of 1st period - Shot by Zemgus Girgensons.
11:32 of 1st period - Shot Blocked by Joel Edmundson.
11:48 of 1st period - Minor Penalty to Corey Perry for Tripping.
11:49 of 1st period - Pierre-Luc Dubois wins face-off versus Jonathan Toews in Kings zone.
12:14 of 1st period - Shot by Pierre-Luc Dubois.
12:14 of 1st period - Shot Blocked by Stephen Johns.
12:19 of 1st period - Pierre-Luc Dubois is hit by Stephen Johns and loses puck.
13:09 of 1st period - Shot by Stephen Johns.
13:09 of 1st period - Shot Misses the Net.
13:23 of 1st period - Shot by Anton Stralman.
13:23 of 1st period - Shot Misses the Net.
13:25 of 1st period - Shot by Joel Armia.
13:25 of 1st period - Stopped by David Rittich without a rebound.
13:26 of 1st period - Jonathan Toews wins face-off versus Pierre-Luc Dubois in Kings zone.
13:32 of 1st period - Icing by James Neal.
13:33 of 1st period - Mikael Backlund wins face-off versus Pierre-Luc Dubois in MapleLeafs zone.
13:34 of 1st period - Shot by Jonathan Toews.
13:34 of 1st period - Shot Misses the Net.
13:47 of 1st period - James Neal is hit by Marco Scandella and loses puck.
13:56 of 1st period - Shot by Corey Perry.
13:56 of 1st period - Shot Misses the Net.
13:58 of 1st period - Shot by Zemgus Girgensons.
13:58 of 1st period - Stopped by Braden Holtby without a rebound.
13:59 of 1st period - Jay Beagle wins face-off versus Jonathan Toews in MapleLeafs zone.
14:20 of 1st period - Rickard Rakell is hit by James Neal and loses puck.
14:58 of 1st period - Joel Armia is hit by Stephen Johns and loses puck.
15:56 of 1st period - Shot by Ondrej Palat.
15:56 of 1st period - Shot Misses the Net.
15:58 of 1st period - Shot by Jason Zucker.
15:58 of 1st period - Deflect By Matt Duchene.
15:58 of 1st period - Shot Misses the Net.
16:00 of 1st period - Shot by Anton Stralman.
16:00 of 1st period - Shot Blocked by Marco Scandella.
16:02 of 1st period - Shot by Ondrej Palat.
16:02 of 1st period - Shot Misses the Net.
16:36 of 1st period - Shot by Chris Tanev.
16:36 of 1st period - Shot Misses the Net.
16:52 of 1st period - Shot by Corey Perry.
16:52 of 1st period - Stopped by Braden Holtby without a rebound.
16:52 of 1st period - Minor Penalty to Chris Tanev for Holding.
16:53 of 1st period - Jonathan Toews wins face-off versus Jay Beagle in MapleLeafs zone.
17:20 of 1st period - Shot by Tyler Johnson.
17:20 of 1st period - Shot Misses the Net.
17:22 of 1st period - Shot by Cody Ceci.
17:22 of 1st period - Stopped by David Rittich without a rebound.
17:23 of 1st period - Jay Beagle wins face-off versus Mikael Backlund in Kings zone.
18:42 of 1st period - Off-side.
18:43 of 1st period - Jay Beagle wins face-off versus Jonathan Toews in neutral zone.
18:46 of 1st period - Nick Paul is hit by Jay Beagle and loses puck.
19:02 of 1st period - Icing by Chris Tanev.
19:03 of 1st period - Lucas Wallmark wins face-off versus Pierre-Luc Dubois in MapleLeafs zone.
19:03 of 1st period - Tyler Motte is hit by Michael Del Zotto and loses puck.
19:24 of 1st period - Shot by Nikita Kucherov.
19:24 of 1st period - Shot Misses the Net.
19:26 of 1st period - Shot by Chris Tanev.
19:26 of 1st period - Stopped by David Rittich without a rebound.
19:27 of 1st period - Jay Beagle wins face-off versus Nick Paul in Kings zone.
Goals for this period are 1 for Kings vs 1 for MapleLeafs.
Shots for this period are 7 for Kings vs 7 for MapleLeafs.

2nd period


0:01 of 2nd period - Jason Zucker wins face-off versus Jonathan Toews in neutral zone.
0:12 of 2nd period - Shot by Mike Matheson.
0:12 of 2nd period - Shot Misses the Net.
0:23 of 2nd period - Minor Penalty to Cody Ceci for Tripping.
0:24 of 2nd period - Jay Beagle wins face-off versus Mikael Backlund in MapleLeafs zone.
1:27 of 2nd period - Shot by Marc-Edouard Vlasic.
1:27 of 2nd period - Deflect By Jordan Eberle.
1:27 of 2nd period - Shot Misses the Net.
1:29 of 2nd period - Shot by Jonathan Toews.
1:29 of 2nd period - Stopped by Braden Holtby with a rebound.
1:31 of 2nd period - Shot by Marc-Edouard Vlasic.
1:31 of 2nd period - Stopped by Braden Holtby without a rebound.
1:32 of 2nd period - Jay Beagle wins face-off versus Jonathan Toews in MapleLeafs zone.
1:38 of 2nd period - Icing by Jonathan Toews.
1:39 of 2nd period - Jay Beagle wins face-off versus Jonathan Toews in Kings zone.
1:39 of 2nd period - Jay Beagle is hit by Marco Scandella.
1:46 of 2nd period - Off-side.
1:47 of 2nd period - Jay Beagle wins face-off versus Mikael Backlund in neutral zone.
2:00 of 2nd period - Jay Beagle is hit by Jesper Fast and loses puck.
2:11 of 2nd period - Shot by Mikael Backlund.
2:11 of 2nd period - Shot Misses the Net.
2:13 of 2nd period - Shot by Mikael Backlund.
2:13 of 2nd period - Deflect By Andre Burakovsky.
2:13 of 2nd period - Shot Misses the Net.
2:15 of 2nd period - Shot by John Moore.
2:15 of 2nd period - Stopped by Braden Holtby without a rebound.
2:16 of 2nd period - Tyler Johnson wins face-off versus Jonathan Toews in MapleLeafs zone.
2:53 of 2nd period - Shot by Zemgus Girgensons.
2:53 of 2nd period - Shot Misses the Net.
3:25 of 2nd period - Shot by Matt Duchene.
3:25 of 2nd period - Stopped by David Rittich without a rebound.
3:26 of 2nd period - Jonathan Toews wins face-off versus Jay Beagle in Kings zone.
3:33 of 2nd period - Icing by Joel Edmundson.
3:34 of 2nd period - Jay Beagle wins face-off versus Jonathan Toews in MapleLeafs zone.
3:39 of 2nd period - Shot by Taylor Hall.
3:39 of 2nd period - Stopped by David Rittich without a rebound.
3:40 of 2nd period - Ondrej Palat wins face-off versus Jordan Eberle in Kings zone.
3:54 of 2nd period - Shot by Rickard Rakell.
3:54 of 2nd period - Shot Misses the Net.
3:56 of 2nd period - Shot by Rickard Rakell.
3:56 of 2nd period - Shot Blocked by Chris Tanev.
3:58 of 2nd period - Shot by Marc-Edouard Vlasic.
3:58 of 2nd period - Stopped by Braden Holtby with a rebound.
4:00 of 2nd period - Shot by Marc-Edouard Vlasic.
4:00 of 2nd period - Shot Misses the Net.
4:06 of 2nd period - Shot by Marc-Edouard Vlasic.
4:06 of 2nd period - Shot Misses the Net.
4:08 of 2nd period - Shot by Marco Scandella.
4:08 of 2nd period - Stopped by Braden Holtby without a rebound.
4:09 of 2nd period - Pierre-Luc Dubois wins face-off versus Andre Burakovsky in MapleLeafs zone.
4:20 of 2nd period - Shot by Nikita Kucherov.
4:20 of 2nd period - Shot Misses the Net.
4:33 of 2nd period - Icing by Joel Edmundson.
4:34 of 2nd period - Pierre-Luc Dubois wins face-off versus Jonathan Toews in MapleLeafs zone.
4:34 of 2nd period - Pierre-Luc Dubois is hit by Jordan Eberle.
4:35 of 2nd period - Minor Penalty to Rickard Rakell for Hooking.
4:36 of 2nd period - Jonathan Toews wins face-off versus Tyler Johnson in Kings zone.
4:41 of 2nd period - Tyler Johnson is hit by Jonathan Toews.
4:47 of 2nd period - Shot by Jason Zucker.
4:47 of 2nd period - Shot Misses the Net.
5:23 of 2nd period - Shot by Joel Armia.
5:23 of 2nd period - Stopped by David Rittich with a rebound.
5:51 of 2nd period - Shot by Anton Stralman.
5:51 of 2nd period - Deflect By Pierre-Luc Dubois.
5:51 of 2nd period - Shot Blocked by Jonathan Toews.
5:53 of 2nd period - Shot by Pierre-Luc Dubois.
5:53 of 2nd period - Shot Misses the Net.
5:55 of 2nd period - Shot by Joel Armia.
5:55 of 2nd period - Stopped by David Rittich with a rebound.
5:57 of 2nd period - Shot by Michael Del Zotto.
5:57 of 2nd period - Shot Blocked by Stephen Johns.
6:54 of 2nd period - Shot by Nick Paul.
6:54 of 2nd period - Stopped by Braden Holtby without a rebound.
6:55 of 2nd period - Matt Duchene wins face-off versus Lucas Wallmark in MapleLeafs zone.
6:55 of 2nd period - Matt Duchene is hit by Tyler Motte.
7:03 of 2nd period - Shot by Jonathan Toews.
7:03 of 2nd period - Shot Misses the Net.
7:05 of 2nd period - Shot by Tyler Motte.
7:05 of 2nd period - Shot Misses the Net.
7:07 of 2nd period - Shot by Tyler Motte.
7:07 of 2nd period - Stopped by Braden Holtby without a rebound.
7:08 of 2nd period - Mikael Backlund wins face-off versus Jay Beagle in MapleLeafs zone.
7:08 of 2nd period - Mikael Backlund is hit by Michael Del Zotto.
7:12 of 2nd period - Shot by Mikael Backlund.
7:12 of 2nd period - Stopped by Braden Holtby without a rebound.
7:13 of 2nd period - Jonathan Toews wins face-off versus Matt Duchene in MapleLeafs zone.
7:44 of 2nd period - Shot by Jonathan Toews.
7:44 of 2nd period - Stopped by Braden Holtby without a rebound.
7:45 of 2nd period - Mikael Backlund wins face-off versus Pierre-Luc Dubois in MapleLeafs zone.
8:02 of 2nd period - Shot by Marc-Edouard Vlasic.
8:02 of 2nd period - Stopped by Braden Holtby without a rebound.
8:03 of 2nd period - Jay Beagle wins face-off versus Nick Paul in MapleLeafs zone.
8:12 of 2nd period - Shot by Zemgus Girgensons.
8:12 of 2nd period - Shot Blocked by Jay Beagle.
8:14 of 2nd period - Shot by John Moore.
8:14 of 2nd period - Shot Blocked by Jay Beagle.
8:16 of 2nd period - Shot by Nick Paul.
8:16 of 2nd period - Stopped by Braden Holtby without a rebound.
8:17 of 2nd period - Mikael Backlund wins face-off versus Pierre-Luc Dubois in MapleLeafs zone.
8:32 of 2nd period - Shot by Andre Burakovsky.
8:32 of 2nd period - Shot Misses the Net.
8:48 of 2nd period - Shot by Pierre-Luc Dubois.
8:48 of 2nd period - Stopped by David Rittich without a rebound.
8:49 of 2nd period - Jay Beagle wins face-off versus Jonathan Toews in Kings zone.
8:49 of 2nd period - Jay Beagle is hit by Stephen Johns.
8:51 of 2nd period - Shot by James Neal.
8:51 of 2nd period - Shot Misses the Net.
8:58 of 2nd period - James Neal is hit by Stephen Johns and loses puck.
10:11 of 2nd period - Shot by Nicolas Hague.
10:11 of 2nd period - Shot Misses the Net.
10:54 of 2nd period - Chris Tanev is hit by Jesper Fast and loses puck.
11:11 of 2nd period - Shot by Nikita Kucherov.
11:11 of 2nd period - Deflect By Dustin Brown.
11:11 of 2nd period - Goal by Dustin Brown - Kings : 1 - MapleLeafs : 2.
11:12 of 2nd period - Jonathan Toews wins face-off versus Tyler Johnson in neutral zone.
11:33 of 2nd period - Shot by Jordan Eberle.
11:33 of 2nd period - Stopped by Braden Holtby without a rebound.
11:34 of 2nd period - Pierre-Luc Dubois wins face-off versus Nick Paul in MapleLeafs zone.
12:03 of 2nd period - Shot by Nikita Kucherov.
12:03 of 2nd period - Deflect By Dustin Brown.
12:03 of 2nd period - Shot Misses the Net.
13:41 of 2nd period - Icing by Jason Zucker.
13:42 of 2nd period - Nick Paul wins face-off versus Matt Duchene in MapleLeafs zone.
13:43 of 2nd period - Shot by Corey Perry.
13:43 of 2nd period - Shot Misses the Net.
13:45 of 2nd period - Shot by Zemgus Girgensons.
13:45 of 2nd period - Shot Blocked by Joel Edmundson.
13:47 of 2nd period - Shot by Zemgus Girgensons.
13:47 of 2nd period - Shot Misses the Net.
13:53 of 2nd period - Shot by Corey Perry.
13:53 of 2nd period - Shot Misses the Net.
13:55 of 2nd period - Shot by Zemgus Girgensons.
13:55 of 2nd period - Shot Misses the Net.
14:35 of 2nd period - Andre Burakovsky is hit by Dustin Brown.
14:49 of 2nd period - Shot by Mikael Backlund.
14:49 of 2nd period - Stopped by Braden Holtby without a rebound.
14:50 of 2nd period - Jonathan Toews wins face-off versus Jay Beagle in MapleLeafs zone.
14:53 of 2nd period - Shot by Rickard Rakell.
14:53 of 2nd period - Stopped by Braden Holtby without a rebound.
14:54 of 2nd period - Jonathan Toews wins face-off versus Jay Beagle in MapleLeafs zone.
15:22 of 2nd period - Icing by Jonathan Toews.
15:23 of 2nd period - Pierre-Luc Dubois wins face-off versus Jonathan Toews in Kings zone.
16:03 of 2nd period - Shot by Jesper Fast.
16:03 of 2nd period - Shot Misses the Net.
16:19 of 2nd period - Shot by Mikael Backlund.
16:19 of 2nd period - Stopped by Braden Holtby without a rebound.
16:20 of 2nd period - Nick Paul wins face-off versus Matt Duchene in MapleLeafs zone.
16:23 of 2nd period - Shot by Corey Perry.
16:23 of 2nd period - Shot Blocked by Jason Zucker.
16:39 of 2nd period - Shot by Matt Duchene.
16:39 of 2nd period - Deflect By Ondrej Palat.
16:39 of 2nd period - Shot Misses the Net.
16:41 of 2nd period - Shot by Ondrej Palat.
16:41 of 2nd period - Stopped by David Rittich without a rebound.
16:42 of 2nd period - Lucas Wallmark wins face-off versus Jay Beagle in Kings zone.
16:42 of 2nd period - Lucas Wallmark is hit by Jay Beagle.
17:00 of 2nd period - Shot by Jonathan Toews.
17:00 of 2nd period - Shot Misses the Net.
17:07 of 2nd period - Lucas Wallmark is hit by Michael Del Zotto and loses puck.
17:10 of 2nd period - Shot by Tyler Motte.
17:10 of 2nd period - Shot Blocked by Michael Del Zotto.
17:12 of 2nd period - Shot by Tyler Motte.
17:12 of 2nd period - Shot Misses the Net.
17:15 of 2nd period - Tyler Motte is hit by Michael Del Zotto and loses puck.
18:24 of 2nd period - Icing by John Moore.
18:25 of 2nd period - Mikael Backlund wins face-off versus Pierre-Luc Dubois in Kings zone.
18:27 of 2nd period - Icing by Andre Burakovsky.
18:28 of 2nd period - Pierre-Luc Dubois wins face-off versus Mikael Backlund in Kings zone.
18:34 of 2nd period - Icing by Mikael Backlund.
18:35 of 2nd period - Mikael Backlund wins face-off versus Pierre-Luc Dubois in Kings zone.
19:01 of 2nd period - Icing by Pierre-Luc Dubois.
19:02 of 2nd period - Pierre-Luc Dubois wins face-off versus Nick Paul in MapleLeafs zone.
19:02 of 2nd period - Pierre-Luc Dubois is hit by Nick Paul.
19:28 of 2nd period - Shot by Nick Paul.
19:28 of 2nd period - Shot Misses the Net.
19:33 of 2nd period - Corey Perry is hit by Joel Edmundson.
19:35 of 2nd period - Shot by Zemgus Girgensons.
19:35 of 2nd period - Stopped by Braden Holtby without a rebound.
19:36 of 2nd period - Matt Duchene wins face-off versus Jordan Eberle in MapleLeafs zone.
19:44 of 2nd period - Icing by Jordan Eberle.
19:45 of 2nd period - Jay Beagle wins face-off versus Jonathan Toews in Kings zone.
19:45 of 2nd period - Jay Beagle is hit by Marco Scandella.
Goals for this period are 0 for Kings vs 1 for MapleLeafs.
Shots for this period are 16 for Kings vs 7 for MapleLeafs.

3rd period


0:01 of 3rd period - Jonathan Toews wins face-off versus Ondrej Palat in neutral zone.
0:34 of 3rd period - Cody Ceci is hit by Rickard Rakell and loses puck.
1:43 of 3rd period - Shot by James Neal.
1:43 of 3rd period - Shot Misses the Net.
1:45 of 3rd period - Shot by James Neal.
1:45 of 3rd period - Shot Misses the Net.
2:15 of 3rd period - Michael Del Zotto is hit by Rickard Rakell.
2:28 of 3rd period - Icing by Marc-Edouard Vlasic.
2:29 of 3rd period - Matt Duchene wins face-off versus Jonathan Toews in Kings zone.
2:46 of 3rd period - Shot by Jason Zucker.
2:46 of 3rd period - Stopped by David Rittich with a rebound.
3:24 of 3rd period - Icing by Matt Duchene.
3:25 of 3rd period - Nick Paul wins face-off versus Matt Duchene in MapleLeafs zone.
3:31 of 3rd period - Shot by Corey Perry.
3:31 of 3rd period - Shot Misses the Net.
3:33 of 3rd period - Shot by Nicolas Hague.
3:33 of 3rd period - Stopped by Braden Holtby without a rebound.
3:34 of 3rd period - Mikael Backlund wins face-off versus Pierre-Luc Dubois in MapleLeafs zone.
3:36 of 3rd period - Minor Penalty to Joel Edmundson for Tripping.
3:37 of 3rd period - Mikael Backlund wins face-off versus Tyler Johnson in MapleLeafs zone.
3:44 of 3rd period - Shot by Andre Burakovsky.
3:44 of 3rd period - Stopped by Braden Holtby with a rebound.
3:46 of 3rd period - Shot by Jesper Fast.
3:46 of 3rd period - Shot Misses the Net.
3:48 of 3rd period - Shot by Jesper Fast.
3:48 of 3rd period - Shot Blocked by Anton Stralman.
3:50 of 3rd period - Shot by John Moore.
3:50 of 3rd period - Shot Misses the Net.
3:52 of 3rd period - Shot by Jesper Fast.
3:52 of 3rd period - Stopped by Braden Holtby with a rebound.
3:54 of 3rd period - Shot by Jesper Fast.
3:54 of 3rd period - Stopped by Braden Holtby without a rebound.
3:55 of 3rd period - Jay Beagle wins face-off versus Jesper Fast in MapleLeafs zone.
4:36 of 3rd period - Shot by Tyler Motte.
4:36 of 3rd period - Stopped by Braden Holtby without a rebound.
4:37 of 3rd period - Jay Beagle wins face-off versus Mikael Backlund in MapleLeafs zone.
4:47 of 3rd period - Icing by John Moore.
4:48 of 3rd period - Mikael Backlund wins face-off versus Jay Beagle in Kings zone.
4:57 of 3rd period - Shot by Mikael Backlund.
4:57 of 3rd period - Stopped by Braden Holtby without a rebound.
4:58 of 3rd period - Mikael Backlund wins face-off versus Tyler Johnson in MapleLeafs zone.
5:05 of 3rd period - Shot by Andre Burakovsky.
5:05 of 3rd period - Stopped by Braden Holtby without a rebound.
5:06 of 3rd period - Jay Beagle wins face-off versus Andre Burakovsky in MapleLeafs zone.
5:11 of 3rd period - Jesper Fast is hit by Jay Beagle and loses puck.
5:26 of 3rd period - Shot by Andre Burakovsky.
5:26 of 3rd period - Shot Misses the Net.
5:28 of 3rd period - Shot by Andre Burakovsky.
5:28 of 3rd period - Shot Misses the Net.
5:30 of 3rd period - Shot by Jesper Fast.
5:30 of 3rd period - Shot Blocked by Jay Beagle.
5:32 of 3rd period - Shot by John Moore.
5:32 of 3rd period - Stopped by Braden Holtby without a rebound.
5:33 of 3rd period - Jonathan Toews wins face-off versus Tyler Johnson in MapleLeafs zone.
6:00 of 3rd period - Shot by Corey Perry.
6:00 of 3rd period - Stopped by Braden Holtby with a rebound.
6:02 of 3rd period - Shot by Corey Perry.
6:02 of 3rd period - Stopped by Braden Holtby with a rebound.
7:32 of 3rd period - Minor Penalty to Cody Ceci for Tripping.
7:33 of 3rd period - Tyler Johnson wins face-off versus Jonathan Toews in MapleLeafs zone.
7:47 of 3rd period - Icing by Jonathan Toews.
7:48 of 3rd period - Jonathan Toews wins face-off versus Tyler Johnson in Kings zone.
7:59 of 3rd period - Shot by Rickard Rakell.
7:59 of 3rd period - Stopped by Braden Holtby with a rebound.
8:01 of 3rd period - Shot by Marc-Edouard Vlasic.
8:01 of 3rd period - Shot Misses the Net.
8:05 of 3rd period - Shot by Jonathan Toews.
8:05 of 3rd period - Shot Misses the Net.
8:35 of 3rd period - Shot by John Moore.
8:35 of 3rd period - Stopped by Braden Holtby without a rebound.
8:36 of 3rd period - Jonathan Toews wins face-off versus Jay Beagle in MapleLeafs zone.
9:22 of 3rd period - Icing by Jesper Fast.
9:23 of 3rd period - Jay Beagle wins face-off versus Mikael Backlund in Kings zone.
9:34 of 3rd period - Shot by Andre Burakovsky.
9:34 of 3rd period - Stopped by Braden Holtby with a rebound.
10:51 of 3rd period - Minor Penalty to Ondrej Palat for Hooking.
10:52 of 3rd period - Jay Beagle wins face-off versus Mikael Backlund in MapleLeafs zone.
12:01 of 3rd period - Shot by Rickard Rakell.
12:01 of 3rd period - Stopped by Braden Holtby without a rebound.
12:02 of 3rd period - Jay Beagle wins face-off versus Jonathan Toews in MapleLeafs zone.
12:02 of 3rd period - Jason Zucker is hit by Rickard Rakell and loses puck.
12:19 of 3rd period - Shot by Jordan Eberle.
12:19 of 3rd period - Stopped by Braden Holtby without a rebound.
12:20 of 3rd period - Jonathan Toews wins face-off versus Jay Beagle in MapleLeafs zone.
12:21 of 3rd period - Shot by Jordan Eberle.
12:21 of 3rd period - Stopped by Braden Holtby without a rebound.
12:22 of 3rd period - Jay Beagle wins face-off versus Jonathan Toews in MapleLeafs zone.
12:34 of 3rd period - Icing by Jordan Eberle.
12:35 of 3rd period - Tyler Johnson wins face-off versus Jonathan Toews in Kings zone.
12:38 of 3rd period - Shot by Joel Armia.
12:38 of 3rd period - Shot Misses the Net.
12:54 of 3rd period - Shot by Zemgus Girgensons.
12:54 of 3rd period - Stopped by Braden Holtby without a rebound.
12:55 of 3rd period - Mikael Backlund wins face-off versus Pierre-Luc Dubois in MapleLeafs zone.
13:01 of 3rd period - Icing by Dustin Brown.
13:02 of 3rd period - Mikael Backlund wins face-off versus Pierre-Luc Dubois in MapleLeafs zone.
13:03 of 3rd period - Shot by Andre Burakovsky.
13:03 of 3rd period - Stopped by Braden Holtby with a rebound.
13:05 of 3rd period - Shot by Jesper Fast.
13:05 of 3rd period - Stopped by Braden Holtby without a rebound.
13:06 of 3rd period - Matt Duchene wins face-off versus Mikael Backlund in MapleLeafs zone.
13:12 of 3rd period - Off-side.
13:13 of 3rd period - Jonathan Toews wins face-off versus Matt Duchene in neutral zone.
13:13 of 3rd period - Jonathan Toews is hit by Jason Zucker.
13:34 of 3rd period - Matt Duchene is hit by Marco Scandella and loses puck.
13:41 of 3rd period - Ondrej Palat is hit by Jonathan Toews.
13:56 of 3rd period - Off-side.
13:57 of 3rd period - Mikael Backlund wins face-off versus Pierre-Luc Dubois in neutral zone.
14:27 of 3rd period - Nikita Kucherov is hit by Stephen Johns and loses puck.
15:14 of 3rd period - Shot by Taylor Hall.
15:14 of 3rd period - Shot Misses the Net.
15:21 of 3rd period - James Neal is hit by Nick Paul.
15:55 of 3rd period - Icing by Anthony Bitetto.
15:56 of 3rd period - Nick Paul wins face-off versus Matt Duchene in Kings zone.
15:58 of 3rd period - Icing by Corey Perry.
15:59 of 3rd period - Matt Duchene wins face-off versus Nick Paul in Kings zone.
16:25 of 3rd period - Shot by Jonathan Toews.
16:25 of 3rd period - Stopped by Braden Holtby with a rebound.
16:39 of 3rd period - Shot by Rickard Rakell.
16:39 of 3rd period - Shot Blocked by Cody Ceci.
16:56 of 3rd period - Off-side.
16:57 of 3rd period - Mikael Backlund wins face-off versus Jay Beagle in neutral zone.
17:06 of 3rd period - Shot by Taylor Hall.
17:06 of 3rd period - Stopped by David Rittich without a rebound.
17:07 of 3rd period - Mikael Backlund wins face-off versus Pierre-Luc Dubois in Kings zone.
17:40 of 3rd period - Shot by Andre Burakovsky.
17:40 of 3rd period - Shot Misses the Net.
17:42 of 3rd period - Shot by Mikael Backlund.
17:42 of 3rd period - Stopped by Braden Holtby without a rebound.
17:43 of 3rd period - Jay Beagle wins face-off versus Jonathan Toews in MapleLeafs zone.
17:50 of 3rd period - Shot by Jonathan Toews.
17:50 of 3rd period - Stopped by Braden Holtby with a rebound.
18:06 of 3rd period - Shot by Taylor Hall.
18:06 of 3rd period - Stopped by David Rittich without a rebound.
18:07 of 3rd period - Matt Duchene wins face-off versus Nick Paul in Kings zone.
18:30 of 3rd period - Matt Duchene is hit by Nicolas Hague and loses puck.
18:51 of 3rd period - Shot by Rickard Rakell.
18:51 of 3rd period - Shot Blocked by Cody Ceci.
19:01 of 3rd period - Kings, David Rittich is pulled from the net.
19:11 of 3rd period - Shot by Jonathan Toews.
19:11 of 3rd period - Stopped by Braden Holtby without a rebound.
19:12 of 3rd period - Jonathan Toews wins face-off versus Jay Beagle in MapleLeafs zone.
19:32 of 3rd period - Shot by Rickard Rakell.
19:32 of 3rd period - Deflect By Jonathan Toews.
19:32 of 3rd period - Shot Blocked by Anton Stralman.
19:43 of 3rd period - Shot by Nikita Kucherov.
19:43 of 3rd period - Goal by Nikita Kucherov - Kings : 1 - MapleLeafs : 3.
19:43 of 3rd period - David Rittich from Kings was sent back in the game.
19:44 of 3rd period - Mikael Backlund wins face-off versus Pierre-Luc Dubois in neutral zone.
Goals for this period are 0 for Kings vs 1 for MapleLeafs.
Shots for this period are 23 for Kings vs 4 for MapleLeafs.